 Dungeon Crawl Stone Soup version 0.22-a0-897-g1b7a381375 (webtiles) character file.

213 Mirvelgyr the Chopper (level 5, 0/49 HPs)
             Began as a Deep Dwarf Fighter on July 31, 2018.
             Slain by an orc warrior
             ... wielding a +0 halberd
              (11 damage)
             ... on level 3 of the Dungeon.
             The game lasted 00:01:59 (1539 turns).

Mirvelgyr the Chopper (Deep Dwarf Fighter)          Turns: 1539, Time: 00:01:59

Health: 0/49       AC:  7    Str: 20    XL:     5   Next: 59%
Magic:  4/4        EV:  7    Int:  9    God:
Gold:   83         SH:  9    Dex: 12    Spells: 4/4 levels left

rFire    . . .     SeeInvis .   a - +0 war axe
rCold    . . .     Gourm    .   c - +0 shield
rNeg     . . .     Faith    .   b - +0 scale mail
rPois    .         Spirit   .   (no helmet)
rElec    .         Reflect  .   (no cloak)
rCorr    .         Harm     .   (no gloves)
MR       .....                  (no boots)
Stlth    ..........             (no amulet)
HPRegen  0.00/turn              (no ring)
MPRegen  0.09/turn              (no ring)

@: non-regenerating
A: damage resistance, heal wounds, sense surroundings 1, no regeneration
a: Heal Wounds


You were on level 3 of the Dungeon.
You were hungry.

You visited 1 branch of the dungeon, and saw 3 of its levels.

You collected 83 gold pieces.

Inventory:

Hand Weapons
 a - a +0 war axe (weapon)
Armour
 b - a +0 scale mail (worn)
 c - a +0 shield (worn)
Jewellery
 j - an uncursed ring of ice {unknown}
 o - an uncursed amulet of guardian spirit {unknown}
Scrolls
 i - a scroll of fear {unknown}
 m - a scroll of enchant weapon {unknown}
 n - a scroll of noise {unknown}
Potions
 d - 2 potions of might
 e - 3 potions of brilliance {unknown}
 h - 2 potions of haste {unknown}
 k - a potion of berserk rage {unknown}
 l - a potion of curing {unknown}
 p - a potion of flight {unknown}
 q - a potion of cancellation {unknown}
 r - a potion of heal wounds {unknown}
Comestibles
 f - 8 rations
 g - 3 chunks of flesh


   Skills:
 + Level 3.5 Fighting
 * Level 4.4 Axes
 + Level 4.3 Armour
 + Level 4.2 Shields


You had 4 spell levels left.
You didn't know any spells.
Your spell library was empty.

Dungeon Overview and Level Annotations

Branches:
Dungeon (3/15)

Altars:


Innate Abilities, Weirdness & Mutations

You are resistant to damage.
You can heal yourself by infusing magical energy.
You passively map a small area around you.
You do not regenerate.


Message History

You slash the adder!
The adder is severely wounded.
You block the adder's attack. The orc warrior closely misses you.
The adder bites you but does no damage.
You slash the adder!
You kill the adder!
The orc warrior hits you from afar with a halberd!!
* * * LOW HITPOINT WARNING * * *
The orc warrior barely misses you.
Items here: )) [[ †† You hit the orc warrior but do no damage.
The orc warrior barely misses you.
You hit the orc warrior.
The orc warrior is lightly wounded.
The orc warrior barely misses you.
You barely miss the orc warrior.
The orc warrior is lightly wounded.
The orc warrior barely misses you.
The orc warrior hits you with a halberd!
You die...

######### * , ........#
........# * , ...o....# .# ,
,#.# ....o...# .# .#.#.#
....o...# #.##.#.#.#
........# #.#..#.#.#
......oo######### #.#..#.#.#
.....oKoo{o@....###.........
,
o.....oo#######..........#..
*
#######.....................
#.#######..#.......... #.#
#..#.......).. #.#
#..#...##.#... #.# *
#..#....<..... #.
,#....#....#...
*,##.#.#........


You could see an orc warrior, 7 orcs and a kobold.

Vanquished Creatures
  4 orc wizards (D:3)
  A gnoll (D:1)
  5 adders
  A dart slug (D:2)
  2 leopard geckos
  5 orcs (D:3)
  3 giant cockroaches
  3 hobgoblins
  3 quokkas
  4 bats
  2 frilled lizards
  4 goblins (D:1)
  6 kobolds
  4 rats
47 creatures vanquished.

Notes
Turn   | Place    | Note
-------+----------+-------------------------------------------
     0 | D:1      | Mirvelgyr the Deep Dwarf Fighter began the quest for the Orb.
     0 | D:1      | Reached XP level 1. HP: 20/20 MP: 1/1
   199 | D:1      | Reached XP level 2. HP: 20/27 MP: 2/2
   833 | D:2      | Reached XP level 3. HP: 20/34 MP: 3/3
  1342 | D:3      | Reached XP level 4. HP: 41/42 MP: 3/3
  1431 | D:3      | Reached XP level 5. HP: 6/49 MP: 4/4
  1488 | D:3      | Noticed an orc warrior
  1539 | D:3      | Slain by an orc warrior

Vault maps used:
D:1:      elethiomel_arrival_infinity_welcomes_careful_drivers,
          minmay_misc_feat_more_columns, solitary_fountain
D:2:      small_statue_intersection

Skill      XL: |  1  2  3  4 |
---------------+-------------+-----
Axes           | 3 4 |  4.4
Fighting       | 3 |  3.5
Armour         | 4 |  4.3
Shields        | 4 |  4.2

Action                   |  1- 3 |  4- 6 || total
-------------------------+-------+-------++-------
Melee: War axe           |   133 |    89 ||   222
 Abil: Heal Wounds       |     1 |     2 ||     3
  Eat: Chunk             |     1 |     1 ||     2
Armor: Scale mail        |    65 |    53 ||   118
Dodge: Dodged            |    52 |    28 ||    80
Block: Shield            |    82 |    37 ||   119

Table legend:
 A = Spawn XP
 B = Non-spawn XP
 C = Spawn XP percentage of total XP
 D = Spawn monster count
 E = Non-spawn monster count
 F = Spawn count percentage of total count
 G = Total turns spent on level
                    A         B        C        D         E        F      G
               +---------+---------+-------+---------+---------+-------+---------
         Total |       0 |     305 |   0.0 |       0 |      47 |   0.0 |  1539
               +---------+---------+-------+---------+---------+-------+---------
           D:1 |       0 |      31 |   0.0 |       0 |      11 |   0.0 |   801
           D:2 |       0 |      53 |   0.0 |       0 |      18 |   0.0 |   500
           D:3 |       0 |     221 |   0.0 |       0 |      18 |   0.0 |   238
               +---------+---------+-------+---------+---------+-------+---------
